AoeStats
← castilla_602

Black Forest

509775692Analyzed
2v2 RM · 5d ago on Sep 28, 2026· 76m 47s· 4 players
Game mode
Random Map
Map size
Medium (4 player)
Population
200
Speed
Normal
Resources
Standard
Victory
Conquest
Starting age
Dark Age
Ending age
Imperial Age
RankedLock teamsTeams togetherTeam positionsShared explorationLock speedFull tech treeHidden civsTurbo modeCheats
Victory
Defeat
🇦🇷 Spanish · Argentina
447
+15
🇮🇳 Portuguese · India
389
+18
🇨🇱 Byzantines · Chile
460
-18
🇨🇱 Chinese · Chile
393
-15
Snow_Pv
12:04 Feudal Age
13:35 Wheelbarrow
13:15 Horse Collar
13:33 Double-Bit Axe
14:01 Arson
13:37 Man-at-Arms
15:38 Gold Mining
17:12 Forging
23:12 Castle Age
21:28 Fletching
21:53 Scale Mail Armor
22:06 Scale Barding Armor
22:17 Scale Mail Armor
23:24 Padded Archer Armor
23:18 Stone Mining
24:29 Husbandry
24:40 Squires
25:08 Bow Saw
25:01 Heavy Plow
28:49 Iron Casting
28:11 Bodkin Arrow
30:08 Hand Cart
30:54 Gold Shaft Mining
32:54 Stone Shaft Mining
33:12 Thumb Ring
32:28 Crossbowman
34:58 Ballistics
35:13 Elite Skirmisher
35:16 Light Cavalry
36:17 Guard Tower
36:35 Greek Fire
38:41 Murder Holes
44:45 Imperial Age
43:48 Chain Mail Armor
44:42 Gambesons
46:05 Conscription
46:25 Crop Rotation
47:01 Two-Man Saw
45:48 Loom
45:37 Capped Ram
45:44 Cavalier
46:14 Arbalester
49:03 Chemistry
48:34 Elite Varangian Guard
50:07 Arrowslits
50:59 Siege Ram
51:58 Bracer
58:49 Leather Archer Armor
59:05 Plate Mail Armor
58:56 Chain Barding Armor
59:32 Paladin
Jipalmaa
15:38 Feudal Age
16:13 Arson
19:27 Wheelbarrow
19:38 Horse Collar
21:27 Town Watch
22:38 Double-Bit Axe
23:17 Gold Mining
26:06 Castle Age
25:42 Forging
25:23 Fletching
27:54 Hand Cart
27:50 Pikeman
28:32 Squires
28:36 Scale Mail Armor
28:44 Heavy Plow
28:58 Bow Saw
29:43 Stone Mining
32:31 Chain Mail Armor
32:16 Padded Archer Armor
32:22 Scale Barding Armor
32:13 Bodkin Arrow
32:54 Iron Casting
32:32 Elite Skirmisher
33:17 Thumb Ring
34:22 Stone Shaft Mining
34:27 Gold Shaft Mining
36:26 Fervor
37:42 Town Patrol
37:29 Loom
38:48 Husbandry
38:59 Bloodlines
39:24 Ballistics
39:00 Murder Holes
39:17 Masonry
39:28 Leather Archer Armor
39:34 Chain Barding Armor
43:05 Imperial Age
41:00 Sanctity
40:42 Atonement
43:21 Great Wall
48:10 Elite Chu Ko Nu
49:12 Rocketry
49:13 Conscription
48:19 Halberdier
50:05 Blast Furnace
49:36 Plate Mail Armor
53:47 Plate Barding Armor
53:43 Ring Archer Armor
53:13 Bracer
57:29 Chemistry
68:42 Block Printing
68:28 Devotion
68:57 Illumination
69:07 Theocracy
68:04 Cavalier
73:01 Elite Fire Lancer
castilla_602
6:42 Loom
12:13 Feudal Age
17:56 Wheelbarrow
19:25 Double-Bit Axe
21:44 Castle Age
19:41 Gold Mining
19:43 Stone Mining
20:10 Forging
19:24 Man-at-Arms
23:50 Husbandry
23:22 Long Swordsman
23:48 Gambesons
28:56 Stone Mining
28:52 Horse Collar
29:51 Iron Casting
29:17 Scale Mail Armor
31:37 Scale Barding Armor
33:48 Stone Shaft Mining
36:49 Imperial Age
35:08 Hand Cart
35:52 Heavy Plow
36:52 Chain Mail Armor
36:59 Chain Barding Armor
38:08 Bow Saw
39:01 Blast Furnace
38:32 Plate Mail Armor
37:57 Town Watch
38:50 Town Patrol
40:39 Chemistry
39:59 Caravan
41:11 Plate Barding Armor
40:44 Two-Handed Swordsman
42:55 Coinage
42:36 Guilds
43:55 Banking
42:50 Champion
43:14 Elite Conquistador
49:41 Hoardings
49:52 Conscription
50:44 Two-Man Saw
51:14 Bombard Tower
53:31 Murder Holes
aamerhussain.hr
0:28 Loom
14:25 Feudal Age
15:00 Town Watch
21:14 Horse Collar
21:48 Double-Bit Axe
24:47 Gold Mining
26:59 Stone Mining
33:05 Castle Age
35:58 Wheelbarrow
35:24 Town Patrol
38:10 Heavy Plow
38:25 Bow Saw
42:31 Imperial Age
42:05 Hand Cart
43:29 Caravan
44:00 Coinage
43:41 Guilds
45:55 Chemistry
47:28 Banking
48:10 Bombard Tower
47:41 Heated Shot
48:01 Fortified Wall
48:02 Masonry
47:58 Siege Engineers
48:52 Elite Organ Gun
55:40 Siphons
55:26 Guard Tower
55:57 Ballistics
55:18 Treadmill Crane
56:09 Architecture
58:15 Scale Mail Armor
58:20 Scale Barding Armor
58:16 Padded Archer Armor
58:07 Fletching
58:28 Forging
58:23 Husbandry
57:44 Cavalier
Connection lost

Rejoining the realm…

Still unreachable

The connection could not be restored.

Session expired

The server has moved on; the page needs a fresh start.